 Dungeon Crawl Stone Soup version 0.24.0-123-gd5b16e6ec5 (webtiles) character file.

Game seed: 17081819749262508883, levelgen mode: deterministic

90 Notrik the Skirmisher (level 4, -5/42 HPs)
             Began as a Hill Orc Fighter on Feb 8, 2020.
             Killed from afar by an orc wizard (9 damage)
             ... with a puff of frost
             ... on level 3 of the Dungeon.
             The game lasted 00:02:13 (1678 turns).

Notrik the Skirmisher (Hill Orc Fighter)            Turns: 1678, Time: 00:02:13

Health: -5/42      AC:  8    Str: 19    XL:     4   Next: 56%
Magic:  4/4        EV:  7    Int:  8    God:
Gold:   104        SH:  9    Dex: 10    Spells: 3/3 levels left

rFire    . . .     SeeInvis .   a - +0 war axe
rCold    . . .     Gourm    .   c - +0 shield
rNeg     . . .     Faith    .   b - +0 scale mail
rPois    .         Spirit   .   p - +0 helmet
rElec    .         Reflect  .   (no cloak)
rCorr    .         Harm     .   (no gloves)
MR       .....                  (no boots)
Stlth    ..........             (no amulet)
HPRegen  0.14/turn              (no ring)
MPRegen  0.09/turn              (no ring)

@: no status effects
A: no striking features
a: no special abilities


You were on level 3 of the Dungeon.
You were not hungry.

You visited 1 branch of the dungeon, and saw 3 of its levels.

You collected 104 gold pieces.

Inventory:

Hand Weapons
 a - a +0 war axe (weapon)
Armour
 b - a +0 scale mail (worn)
 c - a +0 shield (worn)
 p - a +0 helmet (worn)
   (You found it on level 2 of the Dungeon)
Scrolls
 f - 3 scrolls of identify {unknown}
 g - 3 scrolls of remove curse {unknown}
 h - a scroll of enchant weapon {unknown}
 l - 2 scrolls of teleportation {unknown}
 o - a scroll of magic mapping {unknown}
 q - a scroll of random uselessness {unknown}
Potions
 d - a potion of might
 j - 4 potions of curing {unknown}
 k - a potion of flight {unknown}
 m - a potion of heal wounds {unknown}
 n - a potion of agility {unknown}
Comestibles
 e - 3 rations {!d}
 i - a chunk of flesh


   Skills:
 * Level 5.1 Fighting
 - Level 2.6 Axes
 + Level 4.0 Armour
 + Level 4.0 Shields


You had 3 spell levels left.
You didn't know any spells.
Your spell library was empty.

Dungeon Overview and Level Annotations

Branches:
Dungeon (3/15)

Altars:
Elyvilon


Message History

The orc hits you but does no damage.
You closely miss the orc wizard. You hit the orc but do no damage.
The orc wizard gestures at you while chanting.
The puff of flame hits you.
* * * LOW HITPOINT WARNING * * *
You block the orc's attack.
You miss the orc wizard. You completely miss the orc.
The orc wizard mumbles some strange words.
The orc wizard seems to speed up.
The orc hits you with a +0 hand axe.
* * * LOW HITPOINT WARNING * * *
The orc wizard hits you but does no damage.
You closely miss the orc wizard. You closely miss the orc.
The orc wizard hits you but does no damage.
The orc hits you but does no damage.
The orc wizard hits you but does no damage.
You block the orc's attack.
You hit the orc wizard. You hit the orc.
You kill the orc!
The orc wizard closely misses you.
The orc wizard hits you with a +0 dagger.
* * * LOW HITPOINT WARNING * * *
You barely miss the orc wizard.
The orc wizard hits you but does no damage.
You block the orc wizard's attack.
You closely miss the orc wizard.
The orc wizard hits you with a +0 dagger.
* * * LOW HITPOINT WARNING * * *
The orc wizard hits you but does no damage.
The orc wizard completely misses you.
You closely miss the orc wizard. You block the orc wizard's attack.
The orc wizard completely misses you.
Your shield and scale mail prevent you from hitting the orc wizard.
The orc wizard barely misses you. The orc wizard closely misses you.
You hit the orc wizard.
The orc wizard hits you with a +0 dagger.
* * * LOW HITPOINT WARNING * * *
You block the orc wizard's attack.
You closely miss the orc wizard.
The orc wizard hits you with a +0 dagger.
* * * LOW HITPOINT WARNING * * *
The orc wizard hits you but does no damage.
You completely miss the orc wizard.
The orc wizard gestures at you while chanting.
The puff of flame hits you.
* * * LOW HITPOINT WARNING * * *
You block the orc wizard's attack.
You barely miss the orc wizard. The orc wizard casts a spell at you.
The puff of frost hits you!
You die...

##...#..# #.#
#.......###.#
#†..##.# #......#
#####...##.##
#...........#
#.....#..#..#
#######(.....#
......)@#....#
######)o#....#
#<..........#
#...#.####..#
######..#.....>.#
.................####
..#####.#####...)....
#.# #...##### #..
#÷..#


You could see an orc wizard.

Vanquished Creatures
  An orc priest (D:3)
  3 adders (D:2)
  A dart slug (D:2)
  A leopard gecko (D:2)
  2 orcs (D:3)
  A giant cockroach (D:1)
  A goblin (D:2)
  2 hobgoblins (D:2)
  3 ball pythons
  8 bats
  4 frilled lizards
  4 kobolds
  3 rats
34 creatures vanquished.

Notes
Turn   | Place    | Note
-------+----------+-------------------------------------------
     0 | D:1      | Notrik the Hill Orc Fighter began the quest for the Orb.
     0 | D:1      | Reached XP level 1. HP: 19/19 MP: 1/1
   156 | D:1      | Reached skill level 4 in Fighting
   156 | D:1      | Reached XP level 2. HP: 26/27 MP: 2/2
   658 | D:2      | Reached XP level 3. HP: 29/34 MP: 3/3
  1619 | D:3      | Found a white marble altar of Elyvilon.
  1650 | D:3      | Reached XP level 4. HP: 41/41 MP: 4/4
  1664 | D:3      | Reached skill level 5 in Fighting
  1678 | D:3      | Killed from afar by an orc wizard

Levels and vault maps discovered:
D:1:      eino_arrival_tree_alley, layout_basic, minmay_misc_feat_x
D:2:      layout_basic, minmay_tromino_v4_c
D:3:      minmay_inner_zag, layout_basic, lemuel_coloured_pillars_altar,
          nicolae_overflow_crystal_walls, first_ration

Skill      XL: |  1  2  3  4 |
---------------+-------------+-----
Fighting       | 4 5 |  5.1
Armour         | 4 |  4.0
Shields        | 4 |  4.0
Axes           | |  2.6

Action                   |  1- 3 |  4- 6 || total
-------------------------+-------+-------++-------
Melee: War axe           |   136 |    21 ||   157
  Eat: Ration            |     1 |       ||     1
       Chunk             |     1 |       ||     1
Armor: Scale mail        |    79 |     8 ||    87
Dodge: Dodged            |    68 |     9 ||    77
Block: Shield            |    85 |    12 ||    97
